 Dungeon Crawl Stone Soup version 0.20-a0-681-gf83e07f (webtiles) character file.

147 polly the Covert (level 5, -3/26 HPs)
             Began as a Spriggan Assassin on Feb 18, 2017.
             Shot with an arrow by a centaur (4 damage)
             ... on level 4 of the Dungeon.
             The game lasted 00:02:40 (2848 turns).

polly the Covert (Spriggan Assassin)                Turns: 2848, Time: 00:02:41

Health: -3/26      AC:  3    Str:  9    XL:     5   Next: 8%
Magic:  6/6        EV: 18    Int: 12    God:
Gold:   178        SH:  0    Dex: 19    Spells: 4/4 levels left

rFire    . . .     SeeInvis +   a - +2 dagger
rCold    . . .     Gourm    .   c - +0 robe
rNeg     . . .     Faith    .   (shield restricted)
rPois    .         Spirit   .   (helmet restricted)
rElec    .         Reflect  .   d - +0 cloak
rCorr    .         Harm     .   (gloves unavailable)
MR       .....                  (boots unavailable)
Stlth    ++++......             (no amulet)
Regen    0.1/turn               (no ring)
MPRegen  0.1/turn               (no ring)

@: very quick
A: unfitting armour, see invisible, herbivore 3, speed 3, slow metabolism 2,
strong 1, wild magic 1
a: no special abilities


You were on level 4 of the Dungeon.
You were not hungry.

You visited 1 branch of the dungeon, and saw 4 of its levels.

You collected 178 gold pieces.

Inventory:

Hand Weapons
 a - a +2 dagger (weapon)
 b - a +0 blowgun
Missiles
 e - 22 poisoned needles
 f - 2 curare-tipped needles
Armour
 c - a +0 robe (worn)
 d - a +0 cloak (worn)
Scrolls
 h - a scroll of teleportation {unknown}
 i - 3 scrolls of identify {unknown}
 k - a scroll of recharging {unknown}
 m - a scroll of remove curse {unknown}
 n - 2 scrolls of noise {unknown}
 q - a scroll of enchant weapon {unknown}
Potions
 j - a potion of mutation
 l - a potion of flight {unknown}
 o - a potion of haste {unknown}
 r - a potion of curing {unknown}
Books
 p - a book of Cantrips

   Spells                             Type                      Level
   a - Confusing Touch                Hexes                        1
   b - Animate Skeleton               Necromancy                   1
   c - Summon Small Mammal            Summoning                    1
   d - Apportation                    Translocation                1
Comestibles
 g - 3 bread rations


   Skills:
 + Level 2.1 Fighting
 + Level 3.3 Short Blades
 + Level 2.0 Throwing
 + Level 2.7 Dodging
 + Level 8.0 Stealth


You had 4 spell levels left.
You didn't know any spells.

Dungeon Overview and Level Annotations

Branches:
Dungeon (4/15)
 Temple: D:4-7

Altars:
Qazlal


Innate Abilities, Weirdness & Mutations

You are very small and have problems with some larger weapons.
You are too small for most types of armour.
You have supernaturally acute eyesight. (SInv)
You are a herbivore.
You cover ground extremely quickly.
You need consume almost no food.
Your muscles are strong. (Str +2)
Your spells are a little harder to cast, but a little more powerful.


Message History

You are too injured to fight recklessly!
You are too injured to fight recklessly!
You are too injured to fight recklessly!
You are too injured to fight recklessly!
You are too injured to fight recklessly!
You are too injured to fight recklessly!
You hit the centaur but do no damage.
The centaur is lightly wounded.
The centaur closely misses you.
Okay, then.
You hit the centaur.
The centaur is lightly wounded.
The centaur completely misses you. The centaur hits you!
* * * LOW HITPOINT WARNING * * *
It was a potion of mutation.
You feel extremely strange.
You feel stronger.
You feel less in control of your magic. The centaur hits you.
* * * LOW HITPOINT WARNING * * *
The centaur wields a shortbow.
The centaur shoots an arrow.
The arrow hits you.
You die...

#.. ##.......#..#
#...##.#.#.###..#
#...............#
#...##.#.#......#
# #.#.#####..#
#.#........#
####.########.#
##.#...........
.......@.......
##...)....#####
##.#..c..#
#.......#
##.##+### #. #.


You could see a centaur.

Vanquished Creatures
  A centaur skeleton (D:4)
  3 oozes
  A worm (D:2)
  4 dart slugs
  A leopard gecko (D:1)
  3 orcs (D:3)
  3 giant cockroaches
  18 goblins
  12 hobgoblins
  6 jackals (D:2)
  7 kobolds
  3 quokkas (D:2)
  2 ball pythons (D:2)
  6 bats
  5 frilled lizards
  8 rats
83 creatures vanquished.

Notes
Turn   | Place    | Note
-------+----------+-------------------------------------------
     0 | D:1      | polly the Spriggan Assassin began the quest for the Orb.
     0 | D:1      | Reached XP level 1. HP: 10/10 MP: 2/2
    85 | D:1      | Reached skill level 6 in Stealth
   224 | D:1      | Reached XP level 2. HP: 8/14 MP: 3/3
   634 | D:1      | Reached XP level 3. HP: 7/18 MP: 4/4
  1225 | D:2      | Reached skill level 7 in Stealth
  1795 | D:2      | Reached XP level 4. HP: 23/23 MP: 5/5
  2467 | D:3      | Found a stormy altar of Qazlal.
  2819 | D:4      | Reached skill level 8 in Stealth
  2819 | D:4      | Reached XP level 5. HP: 25/26 MP: 6/6
  2835 | D:4      | Noticed a centaur
  2847 | D:4      | Gained mutation: Your muscles are strong. (Str +2) [potion of mutation]
  2847 | D:4      | Gained mutation: Your spells are a little harder to cast, but a little more powerful. [potion of mutation]
  2847 | D:4      | HP: 1/26 [centaur (3)]
  2848 | D:4      | Shot with an arrow by a centaur

Vault maps used:
D:1:      ncdulo_watergridlock, kennysheep_decorative_pillar, minmay_distorted
D:2:      cheibrodos_greedy_goblins
D:3:      old_standard_altar, first_bread
D:4:      overflow_temple_1_default, serial_bayou, serial_bayou_shore_b,
          serial_bayou_pond_e, serial_bayou_lagoon_a, serial_bayou_pond_a,
          minmay_hollow_rounded_squares, uniq_duvessa, uniq_eustachio,
          uniq_grinder, uniq_blork_the_orc

Skill      XL: |  1  2  3  4 |
---------------+-------------+-----
Stealth        | 6 7 8 |  8.0
Dodging        | 2 |  2.7
Short Blades   | 3 |  3.3
Fighting       | 2 |  2.1
Throwing       | |  2.0

Action                   |  1- 3 |  4- 6 || total
-------------------------+-------+-------++-------
Melee: Dagger            |   155 |   111 ||   266
  Use: Potion            |       |     1 ||     1
 Stab: Sleeping          |    15 |    10 ||    25
Armor: Robe              |    15 |    11 ||    26
Dodge: Dodged            |   125 |   101 ||   226
